SNL (28 & UNDER)
WEST VIRGINIA POWER @ MONTGOMERY BISCUITS
07/04/2024
 
TOP OF THE 1ST
West Virginia Power batting - Pitching for Montgomery Biscuits : LHP Gonzalo Martínez
Pitching: LHP Gonzalo Martínez
Batting: RHB Luis Encarnación 0-0: Called Strike
0-1: Foul Ball, location: 2F
0-2: Foul Ball, location: 2F
0-2: Ball
1-2: Strikes out swinging
Batting: LHB Jesús Ángel 0-0: Swinging Strike
0-1: Foul Ball, location: 2F
0-2: Ball
1-2: Ball
2-2: Strikes out looking
Batting: LHB Fernando Ortíz 0-0: Called Strike
0-1: Fly out, F7 (Flyball, 7LS)
Top of the 1st over - 0 run(s), 0 hit(s), 0 error(s), 0 left on base; West Virginia 0 - Montgomery 0
BOTTOM OF THE 1ST
Montgomery Biscuits batting - Pitching for West Virginia Power : RHP Horace Jacobs
Pitching: RHP Horace Jacobs
Batting: RHB Juan Díaz 0-0: Called Strike
0-1: Swinging Strike
0-2: Foul Ball, location: 2F
0-2: Foul Ball, location: 2F
0-2: Ball
1-2: Foul Ball, location: 2F
1-2: Ball
2-2: Fly out, F3 (Popup, 23F)
Batting: LHB Curt Causton 0-0: Ball
1-0: Foul Ball, location: 2F
1-1: Ball
2-1: Foul Ball, location: 2F
2-2: Ground out U3 (Groundball, 3L)
Batting: RHB Jean-Paul St-Pierre 0-0: Foul Ball, location: 2F
0-1: Called Strike
0-2: Ball
1-2: Foul Ball, location: 2F
1-2: Ball
2-2: Ground out 4-3 (Groundball, 4M)
Bottom of the 1st over - 0 run(s), 0 hit(s), 0 error(s), 0 left on base; West Virginia 0 - Montgomery 0
TOP OF THE 2ND
West Virginia Power batting - Pitching for Montgomery Biscuits : LHP Gonzalo Martínez
Batting: LHB Pablo Reyes 0-0: Foul Ball, location: 2F
0-1: Ball
1-1: Called Strike
1-2: Foul Ball, location: 2F
1-2: Foul Ball, location: 2F
1-2: SINGLE (Flyball, 6MD)
Batting: SHB Edward Bartlett 0-0: Swinging Strike
0-1: Ball
1-1: SINGLE (Line Drive, 4MD)
Pablo Reyes to second
Batting: RHB Gonzalo Gil 0-0: Called Strike
0-1: Grounds into double play, U6-3 (Groundball, 6M)
Pablo Reyes to third
Batting: RHB Dave McGrath 0-0: Ball
1-0: Foul Ball, location: 2F
1-1: Foul Ball, location: 2F
1-2: Foul Ball, location: 2F
1-2: Ball
2-2: Foul Ball, location: 2F
2-2: Ball
3-2: Foul Ball, location: 2F
3-2: Base on Balls
Batting: RHB Will Lott 0-0: Foul Ball, location: 2F
0-1: Ball
1-1: Ball
2-1: Ball
3-1: Foul Ball, location: 2F
3-2: Strikes out looking
Top of the 2nd over - 0 run(s), 2 hit(s), 0 error(s), 2 left on base; West Virginia 0 - Montgomery 0
BOTTOM OF THE 2ND
Montgomery Biscuits batting - Pitching for West Virginia Power : RHP Horace Jacobs
Batting: LHB Ashley Pickhills 0-0: Ball
1-0: Ground out U3 (Groundball, 3)
Batting: RHB Larry Mitchell 0-0: Ball
1-0: Ball
2-0: Called Strike
2-1: Ball
3-1: Foul Ball, location: 2F
3-2: SINGLE (Groundball, 6M)
Batting: LHB José Martínez 0-0: Called Strike
0-1: Ball
1-1: Foul Ball, location: 2F
1-2: Ball
2-2: Ball
3-2: Strikes out looking
Batting: SHB Andrew Curran 0-0: Ball
1-0: Called Strike
1-1: Ball
Wild Pitch!
Larry Mitchell to second
2-1: Foul Ball, location: 2F
2-2: Ball
3-2: Strikes out swinging
Bottom of the 2nd over - 0 run(s), 1 hit(s), 0 error(s), 1 left on base; West Virginia 0 - Montgomery 0
TOP OF THE 3RD
West Virginia Power batting - Pitching for Montgomery Biscuits : LHP Gonzalo Martínez
Batting: RHB Brett Bell 0-0: Ball
1-0: Swinging Strike
1-1: Foul Ball, location: 2F
1-2: Strikes out swinging
Batting: RHB Luis Encarnación 0-0: Ball
1-0: Ball
2-0: Called Strike
2-1: Ball
3-1: Base on Balls
Batting: LHB Jesús Ángel 0-0: Ball
1-0: Called Strike
1-1: Ball
2-1: Ball
3-1: SINGLE (Line Drive, 34)
Luis Encarnación to second
Runner from 2nd tries for 3rd, SAFE, throw made to third
Batting: LHB Fernando Ortíz 0-0: Ball
1-0: SINGLE (Groundball, 34D) (infield hit)
Luis Encarnación scores
Jesús Ángel to second
Batting: LHB Pablo Reyes 0-0: Ball
1-0: Ball
2-0: Swinging Strike
2-1: Swinging Strike
2-2: 3-RUN HOME RUN (Flyball, 89XD), Distance : 415 ft
Batting: SHB Edward Bartlett 0-0: Ball
1-0: Ground out 5-3 (Groundball, 5L)
Batting: RHB Gonzalo Gil 0-0: Called Strike
0-1: Called Strike
0-2: Fly out, F6 (Popup, 6MD)
Top of the 3rd over - 4 run(s), 3 hit(s), 0 error(s), 0 left on base; West Virginia 4 - Montgomery 0
BOTTOM OF THE 3RD
Montgomery Biscuits batting - Pitching for West Virginia Power : RHP Horace Jacobs
Batting: RHB Collin Smith 0-0: Ball
1-0: SINGLE (Groundball, 56)
Batting: RHB Carlos Vásquez 0-0: Called Strike
0-1: Foul Ball, location: 2F
0-2: Ball
1-2: Strikes out swinging
Batting: RHB Juan Díaz 0-0: Called Strike
0-1: Ball
1-1: Ball
2-1: Foul Ball, location: 2F
2-2: Ball
3-2: Fielders Choice at 2nd, 3-6 (Groundball, 3)
Batting: LHB Curt Causton 0-0: Called Strike
0-1: Ball
1-1: Fly out, F6 (Popup, 56D)
Bottom of the 3rd over - 0 run(s), 1 hit(s), 0 error(s), 1 left on base; West Virginia 4 - Montgomery 0
TOP OF THE 4TH
West Virginia Power batting - Pitching for Montgomery Biscuits : LHP Gonzalo Martínez
Batting: RHB Dave McGrath 0-0: Ball
1-0: Ball
2-0: Called Strike
2-1: Fly out, F4 (Popup, 34)
Batting: RHB Will Lott 0-0: Ball
1-0: SINGLE (Groundball, 6MD)
Batting: RHB Brett Bell 0-0: Ball
1-0: Grounds into double play, 4-6-3 (Groundball, 4)
Top of the 4th over - 0 run(s), 1 hit(s), 0 error(s), 0 left on base; West Virginia 4 - Montgomery 0
BOTTOM OF THE 4TH
Montgomery Biscuits batting - Pitching for West Virginia Power : RHP Horace Jacobs
Batting: RHB Jean-Paul St-Pierre 0-0: Fly out, F8 (Flyball, 8RD)
Batting: LHB Ashley Pickhills 0-0: SINGLE (Line Drive, 89S)
Batting: RHB Larry Mitchell 0-0: Ball
1-0: Ball
2-0: Ball
3-0: Called Strike
3-1: Called Strike
3-2: Strikes out swinging
Batting: LHB José Martínez 0-0: Foul Ball, location: 2F
0-1: Fly out, F7 (Flyball, 7D)
Bottom of the 4th over - 0 run(s), 1 hit(s), 0 error(s), 1 left on base; West Virginia 4 - Montgomery 0
TOP OF THE 5TH
West Virginia Power batting - Pitching for Montgomery Biscuits : LHP Gonzalo Martínez
Batting: RHB Luis Encarnación 0-0: SINGLE (Line Drive, 6MD)
Batting: LHB Jesús Ángel 0-0: Ball
1-0: Foul Ball, location: 2F
1-1: Fielders Choice at 2nd, U6 (Groundball, 6M)
Batting: LHB Fernando Ortíz 0-0: Ball
1-0: SINGLE (Groundball, 3D)
Jesús Ángel to second
Runner from 2nd tries for 3rd, SAFE, throw made to third
Batting: LHB Pablo Reyes 0-0: Ball
1-0: Called Strike
1-1: Swinging Strike
1-2: Ball
Fernando Ortíz is caught stealing 2nd base
2-2: Ball
3-2: Ground out 3-1 (Groundball, 3)
Top of the 5th over - 0 run(s), 2 hit(s), 0 error(s), 1 left on base; West Virginia 4 - Montgomery 0
BOTTOM OF THE 5TH
Montgomery Biscuits batting - Pitching for West Virginia Power : RHP Horace Jacobs
Batting: SHB Andrew Curran 0-0: Called Strike
0-1: SINGLE (Groundball, 4MD)
Batting: RHB Collin Smith 0-0: Ball
1-0: Ball
2-0: Ball
3-0: Called Strike
3-1: Foul Ball, location: 2F
3-2: Foul Ball, location: 2F
3-2: Foul Ball, location: 2F
3-2: Strikes out swinging
Batting: RHB Carlos Vásquez 0-0: Called Strike
0-1: Called Strike
0-2: Strikes out swinging
Batting: RHB Juan Díaz 0-0: Called Strike
0-1: Ball
1-1: Ball
2-1: Ball
3-1: Base on Balls
Andrew Curran to second
Batting: LHB Curt Causton 0-0: Ball
1-0: Ball
2-0: Called Strike
2-1: Ball
3-1: SINGLE (Line Drive, 6D)
Andrew Curran to third
Juan Díaz to second
Pitching: RHP Aurelio Barrón
Batting: RHB Jean-Paul St-Pierre 0-0: Swinging Strike
0-1: Called Strike
0-2: Ball
1-2: Ball
2-2: Foul Ball, location: 2F
2-2: Fly out, F2 (Popup, 25F)
Bottom of the 5th over - 0 run(s), 2 hit(s), 0 error(s), 3 left on base; West Virginia 4 - Montgomery 0
TOP OF THE 6TH
West Virginia Power batting - Pitching for Montgomery Biscuits : LHP Gonzalo Martínez
Batting: SHB Edward Bartlett 0-0: Swinging Strike
0-1: Foul Ball, location: 2F
0-2: Strikes out swinging
Batting: RHB Gonzalo Gil 0-0: Called Strike
0-1: Ball
1-1: Called Strike
1-2: Fly out, F8 (Flyball, 78D)
Batting: RHB Dave McGrath 0-0: Ball
1-0: Swinging Strike
1-1: Foul Ball, location: 2F
1-2: Foul Ball, location: 2F
1-2: Foul Ball, location: 2F
1-2: SINGLE (Groundball, 3D)
Pitching: LHP Steve Billington
Batting: RHB Will Lott 0-0: Swinging Strike
0-1: Ball
1-1: Foul Ball, location: 2F
1-2: Foul Ball, location: 2F
Error on foul ball, E9
1-2: Ball
Dave McGrath steals 2nd base
2-2: Foul Ball, location: 2F
2-2: Fly out, F8 (Flyball, 8RM)
Top of the 6th over - 0 run(s), 1 hit(s), 1 error(s), 1 left on base; West Virginia 4 - Montgomery 0
BOTTOM OF THE 6TH
Montgomery Biscuits batting - Pitching for West Virginia Power : RHP Aurelio Barrón
Batting: LHB Ashley Pickhills 0-0: Ball
1-0: Called Strike
1-1: Ball
2-1: Foul Ball, location: 2F
2-2: Ball
3-2: Base on Balls
Batting: RHB Larry Mitchell 0-0: Ball
1-0: Ball
2-0: SINGLE (Line Drive, 4M)
Ashley Pickhills to second
Batting: LHB José Martínez 0-0: Ball
1-0: Called Strike
1-1: Ball
2-1: Swinging Strike
2-2: Foul Ball, location: 2F
2-2: Strikes out looking
Batting: SHB Andrew Curran 0-0: Fly out, F9 (Flyball, 9M)
Batting: RHB Collin Smith 0-0: SINGLE (Groundball, 2L) (infield hit)
Ashley Pickhills to third
Larry Mitchell to second
Batting: RHB Carlos Vásquez 0-0: Foul Ball, location: 2F
0-1: Ball
1-1: Ball
2-1: Ball
3-1: Foul Ball, location: 2F
3-2: Base on Balls
Ashley Pickhills scores
Larry Mitchell to third
Collin Smith to second
Pitching: RHP Brad Flores
Batting: RHB Juan Díaz 0-0: Called Strike
0-1: Foul Ball, location: 2F
0-2: Foul Ball, location: 2F
0-2: Ball
1-2: Ball
2-2: Ball
3-2: Foul Ball, location: 2F
3-2: SINGLE (Groundball, 56) (infield hit)
Larry Mitchell scores
Collin Smith to third
Carlos Vásquez to second
Pitching: LHP John Helms
Batting: LHB Curt Causton 0-0: Ball
1-0: Ball
2-0: Ball
3-0: Base on Balls
Collin Smith scores
Carlos Vásquez to third
Juan Díaz to second
Batting: RHB Jean-Paul St-Pierre 0-0: Ball
1-0: Called Strike
1-1: DOUBLE (Line Drive, 89M)
Carlos Vásquez scores
Juan Díaz scores
Curt Causton to third
Batting: LHB Ashley Pickhills 0-0: Foul Ball, location: 2F
0-1: DOUBLE (Line Drive, 7LS)
Curt Causton scores
Jean-Paul St-Pierre scores
Batting: RHB Larry Mitchell 0-0: Ball
1-0: Ball
2-0: Ball
3-0: Base on Balls
Batting: LHB José Martínez 0-0: Ball
1-0: Ball
2-0: Ball
3-0: Called Strike
3-1: Base on Balls
Ashley Pickhills to third
Larry Mitchell to second
Batting: SHB Andrew Curran 0-0: Ball
1-0: DOUBLE (Flyball, 8LM)
Ashley Pickhills scores
Larry Mitchell scores
José Martínez to third
Runner from 3rd tries for Home, SAFE, no throw or cutoff
Batting: RHB Collin Smith 0-0: Ground out 6-3 (Groundball, 6)
Bottom of the 6th over - 10 run(s), 6 hit(s), 0 error(s), 1 left on base; West Virginia 4 - Montgomery 10
TOP OF THE 7TH
West Virginia Power batting - Pitching for Montgomery Biscuits : LHP Steve Billington
Batting: RHB Brett Bell 0-0: Ball
1-0: Called Strike
1-1: Ball
2-1: DOUBLE (Line Drive, 7LM)
Batting: RHB Luis Encarnación 0-0: Ball
1-0: Ball
2-0: Ball
3-0: Called Strike
3-1: Base on Balls
Batting: LHB Jesús Ángel 0-0: Swinging Strike
0-1: Swinging Strike
0-2: Ball
1-2: Strikes out swinging
Batting: LHB Fernando Ortíz 0-0: Fielders Choice at 2nd, 1-6 (Groundball, 25)
Brett Bell to third
Batting: LHB Pablo Reyes 0-0: Foul Ball, location: 2F
0-1: Foul Ball, location: 2F
0-2: Strikes out swinging
Top of the 7th over - 0 run(s), 1 hit(s), 0 error(s), 2 left on base; West Virginia 4 - Montgomery 10
BOTTOM OF THE 7TH
Montgomery Biscuits batting - Pitching for West Virginia Power : LHP John Helms
Batting: RHB Carlos Vásquez 0-0: Swinging Strike
0-1: Foul Ball, location: 2F
0-2: Ball
1-2: Ball
2-2: Ball
3-2: Base on Balls
Batting: RHB Juan Díaz 0-0: Sac Bunt - play at first, batter OUT! 4-3
Carlos Vásquez to second
Batting: LHB Curt Causton 0-0: Called Strike
0-1: Called Strike
0-2: SINGLE (Line Drive, 4M)
Carlos Vásquez to third
Runner from 3rd tries for Home, SAFE, no throw or cutoff
Batting: RHB Jean-Paul St-Pierre 0-0: Ball
1-0: Called Strike
1-1: Foul Ball, location: 2F
1-2: Ball
2-2: Ball
3-2: Base on Balls
Curt Causton to second
Batting: LHB Ashley Pickhills 0-0: Called Strike
0-1: Ball
1-1: Fly out, F5 (Popup, 5L)
Batting: RHB Larry Mitchell 0-0: Ball
1-0: Foul Ball, location: 2F
1-1: Foul Ball, location: 2F
1-2: Ball
2-2: SINGLE (Groundball, 5L)
Curt Causton to third
Jean-Paul St-Pierre to second
Runner from 3rd tries for Home, SAFE, no throw or cutoff
Batting: LHB José Martínez 0-0: Ball
1-0: SINGLE (Line Drive, 7S)
Jean-Paul St-Pierre to third
Larry Mitchell to second
Runner from 3rd tries for Home, SAFE, no throw or cutoff
Batting: SHB Andrew Curran 0-0: Ball
1-0: Ball
2-0: Foul Ball, location: 2F
2-1: Ball
3-1: Called Strike
3-2: Base on Balls
Larry Mitchell to third
José Martínez to second
Batting: RHB Collin Smith 0-0: SINGLE (Line Drive, 56D)
Larry Mitchell scores
José Martínez to third
Andrew Curran to second
Batting: RHB Carlos Vásquez 0-0: Fly out, F2 (Popup, 25F)
Bottom of the 7th over - 4 run(s), 4 hit(s), 0 error(s), 3 left on base; West Virginia 4 - Montgomery 14
TOP OF THE 8TH
West Virginia Power batting - Pitching for Montgomery Biscuits : LHP Steve Billington
Batting: SHB Edward Bartlett 0-0: Ball
1-0: Ball
2-0: SINGLE (Line Drive, 89M)
Batting: RHB Gonzalo Gil 0-0: Ball
1-0: Foul Ball, location: 2F
1-1: Fly out, F8 (Line Drive, 8LM)
Batting: RHB Dave McGrath 0-0: Called Strike
0-1: Called Strike
0-2: Foul Ball, location: 2F
0-2: Foul Ball, location: 2F
0-2: Grounds out, U3 (Groundball, 3L)
Batting: RHB Will Lott 0-0: Foul Ball, location: 2F
0-1: Ball
1-1: Called Strike
1-2: Ball
2-2: Strikes out looking
Top of the 8th over - 0 run(s), 1 hit(s), 0 error(s), 1 left on base; West Virginia 4 - Montgomery 14
BOTTOM OF THE 8TH
Montgomery Biscuits batting - Pitching for West Virginia Power : LHP John Helms
Batting: RHB Juan Díaz 0-0: Ball
1-0: Foul Ball, location: 2F
1-1: Ball
2-1: SINGLE (Line Drive, 7S)
Batting: LHB Curt Causton 0-0: Ball
1-0: Bunted foul
1-1: Sac Bunt - play at first, batter OUT! 6-4
Juan Díaz to second
Pitching: RHP José Valdéz
Pinch Hitting: SHB Terry O'Farrell 0-0: Foul Ball, location: 2F
0-1: Ball
1-1: Ball
2-1: Called Strike
2-2: Ball
3-2: Base on Balls
Batting: LHB Ashley Pickhills 0-0: Called Strike
0-1: Foul Ball, location: 2F
0-2: SINGLE (Groundball, 34D)
Juan Díaz to third
Terry O'Farrell to second
Runner from 3rd tries for Home, SAFE, no throw or cutoff
Batting: RHB Larry Mitchell 0-0: Ball
1-0: Fly out, F9 (Flyball, 89XD)
Runner from 2nd tags up, SAFE at 3rd, no throw
Batting: LHB José Martínez 0-0: SINGLE (Line Drive, 56D)
Terry O'Farrell scores
Ashley Pickhills to second
Batting: SHB Andrew Curran 0-0: Called Strike
0-1: Ball
1-1: Ball
2-1: Foul Ball, location: 2F
2-2: Ground out 6-3 (Groundball, 4M)
Bottom of the 8th over - 2 run(s), 3 hit(s), 0 error(s), 2 left on base; West Virginia 4 - Montgomery 16
TOP OF THE 9TH
West Virginia Power batting - Pitching for Montgomery Biscuits : LHP Steve Billington
Pitching: RHP Félix Andrade
Now at 1B: Jack Estes
Now at 3B: Raúl Alejándrez
Now in RF: Pete Smith
Batting: RHB Brett Bell 0-0: Called Strike
0-1: Ball
1-1: Swinging Strike
1-2: Ground out 5-3 (Groundball, 5L)
Batting: RHB Luis Encarnación 0-0: Ground out 1-3 (Groundball, 13S)
Batting: LHB Jesús Ángel 0-0: Called Strike
0-1: Ball
1-1: Ball
2-1: Foul Ball, location: 2F
2-2: Foul Ball, location: 2F
2-2: Strikes out swinging
Top of the 9th over - 0 run(s), 0 hit(s), 0 error(s), 0 left on base; West Virginia 4 - Montgomery 16
This league is powered by Out of the Park Baseball, the baseball management simulation game for PC, Mac and Linux
Saturday, April 9th, 2016 - OOTP Baseball 16.8 Build 38